 Dungeon Crawl Stone Soup version 0.27-a0-1334-g2746e35aca (webtiles) character file.

Game seed: 4603632244013336691

3138 hatdisgam the Covert (level 9, -1/74 HPs)
             Began as a Gnoll Delver on June 26, 2021.
             Was a Follower of Cheibriados.
             Slain by a fire elemental (9 damage)
             ... summoned by a deep elf pyromancer
             ... on level 8 of the Dungeon.
             The game lasted 00:13:14 (10036 turns).

hatdisgam the Covert (Gnoll Delver)                Turns: 10036, Time: 00:13:14

Health: -1/74      AC:  7    Str: 13    XL:     9   Next: 92%
Magic:  16/16      EV: 11    Int: 16    God:    Cheibriados [*.....]
Gold:   232        SH:  0    Dex: 15    Spells: 16/17 levels left

rFire    . . .     SeeInvis .   v - +1 glaive (venom)
rCold    . . .     Faith    .   (shield currently unavailable)
rNeg     . . .     Spirit   .   f - +0 scale mail
rPois    .         Reflect  .   (no helmet)
rElec    .         Harm     .   (no cloak)
rCorr    .         Rampage  .   (no gloves)
Will     ++...                  (no boots)
Stlth    +++.......             q - amulet of magic regeneration
HPRegen  0.22/turn              l - ring of willpower
MPRegen  0.40/turn              r - ring of willpower

@: about to teleport, very slow
A: fangs 1, strong nose, distributed training
a: Renounce Religion, Bend Time


You were on level 8 of the Dungeon.
You worshipped Cheibriados.
Cheibriados was aware of your devotion.
You visited 2 branches of the dungeon, and saw 9 of its levels.

You collected 380 gold pieces.
You spent 148 gold pieces at shops.

Inventory:

Hand Weapons
 a - a +0 falchion
 o - a +2 vampiric dagger
 v - a +1 glaive of venom (weapon)
 C - a +3 falchion
Missiles
 t - 254 stones (quivered)
 y - a throwing net
 J - a curare-tipped dart
Armour
 b - a +0 leather armour
 f - a +0 scale mail (worn)
Jewellery
 l - a ring of willpower (left hand)
 q - an amulet of magic regeneration (around neck)
 r - a ring of willpower (right hand)
 B - an amulet of faith
Wands
 g - a wand of digging (3)
 p - a wand of flame (28)
 u - a wand of mindburst (11)
 x - a wand of charming (9)
 F - a wand of iceblast (10)
 G - a wand of acid (12)
Scrolls
 c - 3 scrolls of fog
 d - 3 scrolls of magic mapping
 e - a scroll of fear
 j - 2 scrolls of amnesia {unknown}
 k - 2 scrolls of teleportation
 m - 4 scrolls of identify {unknown}
 s - 2 scrolls of immolation {unknown}
 D - a scroll of noise {unknown}
 E - a scroll of enchant armour {unknown}
 H - a scroll of enchant weapon {unknown}
Potions
 h - 3 potions of curing
 i - 2 potions of degeneration {unknown}
 n - 3 potions of attraction {unknown}
 w - a potion of flight {unknown}
 z - a potion of berserk rage {unknown}
 A - 2 potions of resistance {unknown}
 I - a potion of brilliance {unknown}


   Skills:
 + Level 8.1 Fighting
 + Level 4.7 Short Blades
 + Level 6.6 Long Blades
 + Level 4.7 Axes
 + Level 4.7 Maces & Flails
 + Level 4.7 Polearms
 + Level 4.7 Staves
 + Level 4.7 Slings
 + Level 4.7 Bows
 + Level 4.7 Crossbows
 + Level 4.7 Throwing
 + Level 4.7 Armour
 + Level 6.6 Dodging
 + Level 10.6 Stealth
 + Level 4.7 Shields
 + Level 4.7 Unarmed Combat
 + Level 4.7 Spellcasting
 + Level 3.9 Conjurations
 + Level 3.9 Hexes
 + Level 3.9 Summonings
 + Level 3.9 Necromancy
 + Level 3.9 Translocations
 + Level 3.9 Transmutations
 + Level 3.9 Fire Magic
 + Level 3.9 Ice Magic
 + Level 3.9 Air Magic
 + Level 3.9 Earth Magic
 + Level 3.9 Poison Magic
 + Level 5.2 Invocations
 + Level 4.7 Evocations


You had 16 spell levels left.
You knew the following spells:

 Your Spells              Type           Power      Damage    Failure   Level
a - Sandblast             Erth           32%        2d9       13%         1

Your spell library contained the following spells:

 Spells                   Type           Power      Damage    Failure   Level
 Animate Skeleton         Necr           32%        N/A       13%         1
 Foxfire                  Conj/Fire      64%        2x1d7     13%         1
 Pain                     Necr           64%        1d7       13%         1
 Passwall                 Tmut/Erth      13%        N/A       21%         2
 Conjure Flame            Conj/Fire      16%        6-21      36%         3
 Inner Flame              Hex/Fire       16%        N/A       36%         3
 Stone Arrow              Conj/Erth      32%        3d9       36%         3
 Vampiric Draining        Necr           8%         2d7       36%         3
 Animate Dead             Necr           8%         N/A       78%         4
 Petrify                  Tmut/Erth      16%        N/A       78%         4
 Sticky Flame             Conj/Fire      16%        2d4       78%         4
 Agony                    Necr           16%        N/A       98%         5
 Fireball                 Conj/Fire      8%         3d6       98%         5
 Lee's Rapid Deconstruct  Erth           8%         3d8*      98%         5


Dungeon Overview and Level Annotations

Branches:
Dungeon (8/15)             Temple (1/1) D:6
   Lair: D:8-11

Altars:
Ashenzari
Cheibriados
Dithmenos
Elyvilon
Fedhas
Okawaru
Qazlal
Ru
Sif Muna
Uskayaw
Vehumet
Wu Jian

Shops:
D:3 (

Annotations:
D:2 exclusion: Terence


Innate Abilities, Weirdness & Mutations

You have very sharp teeth.
Your uncanny sense of smell can sniff out nearby items.
Your experience applies equally to all skills.


Message History

The orc warrior shouts!
The deep elf pyromancer mumbles some strange words.
The deep elf pyromancer blinks!
The deep elf pyromancer moves out of view.
The deep elf pyromancer hits you with a +0 long sword.
You barely miss the deep elf pyromancer.
The deep elf pyromancer closely misses you.
An orc comes into view. It is wielding a +0 club.
You miss the deep elf pyromancer.
The deep elf pyromancer hits you with a +0 long sword.
The orc warrior barely misses you.
The deep elf pyromancer barely misses you.
You closely miss the deep elf pyromancer.
The orc warrior closely misses you.
The deep elf pyromancer drinks a potion.
The deep elf pyromancer seems to grow stronger.
The orc shouts! x2
You slash the deep elf pyromancer!
The deep elf pyromancer looks as sick as possible!
The deep elf pyromancer is moderately wounded.
The orc warrior hits you with a +0 dire flail!
The deep elf pyromancer gestures wildly while chanting.
The orc warrior hits you with a +0 dire flail!
The deep elf pyromancer hits you with a +0 long sword.
As you read the scroll of teleportation, it crumbles to dust.
You feel strangely unstable.
The deep elf pyromancer casts a spell.
The deep elf pyromancer blinks!
The fire elemental closely misses you. The fire elemental barely misses you.
You hit the orc warrior.
The orc warrior is lightly wounded.
The orc warrior hits you with a +0 dire flail!!
* * * LOW HITPOINT WARNING * * *
The fire elemental barely misses you. The fire elemental hits you.
The fire elemental burns you!
* * * LOW HITPOINT WARNING * * *
The fire elemental hits you.
* * * LOW HITPOINT WARNING * * *
The fire elemental burns you!
You die...

########
#############
........
.....eE@oo..#
.##.....
......E##.#.#
.....##.
...##.°☼..#...
.##..... .
....○##o#####
..# .##.∆
.##..#..# ..##
.# #. #..##..#
...# # .
#..#...# ...##
..##9..# .#..#
#..#.#


You could see a deep elf pyromancer (strong, very poisoned), 2 fire elementals,
an orc warrior and an orc.

Vanquished Creatures
  A hornet (D:7)
  Sigmund (D:2)
  Eustachio (D:4)
  A hog (shapeshifter) (D:8)
  Menkaure (D:4)
  An acid dragon (D:8)
  A water moccasin (D:5)
  An orc warrior (D:7)
  A sky beast (D:7)
  A black bear (D:6)
  3 ogres
  2 centaurs
  A kobold brigand (D:7)
  2 bullfrogs
  2 scorpions (D:5)
  A wyvern skeleton (D:7)
  A howler monkey (D:6)
  7 wights
  A centaur zombie (D:7)
  2 orc priests
  3 jellies
  A gnoll shaman (D:4)
  4 hounds
  Terence (D:2)
  Jessica (D:2)
  4 orc wizards
  2 hound zombies (D:5)
  A mummy (D:7)
  13 gnolls
  6 adders
  2 shadow imps
  A white imp (D:7)
  An ufetubus (D:6)
  3 worms
  An adder skeleton (D:2)
  2 dart slugs
  10 orcs
  5 ball pythons
  4 bats
  4 endoplasms
  4 giant cockroaches
  6 goblins
  6 hobgoblins
  13 kobolds
  5 quokkas
  4 frilled lizards
  5 rats
144 creatures vanquished.

Notes
Turn   | Place    | Note
-------+----------+-------------------------------------------
     0 | D:5      | Reached skill level 9 in Stealth
     0 | D:5      | hatdisgam the Gnoll Delver began the quest for the Orb.
     0 | D:5      | Reached XP level 1. HP: 23/23 MP: 1/1
    23 | D:5      | Noticed a jelly
   101 | D:5      | Noticed a water moccasin
   141 | D:4      | Noticed Eustachio
   214 | D:1      | Found a faded altar of an unknown god.
   220 | D:1      | Reached XP level 2. HP: 29/29 MP: 2/2
   232 | D:1      | Reached XP level 3. HP: 19/35 MP: 3/3
   769 | D:1      | Reached skill level 1 in Invocations
  1325 | D:2      | Noticed Sigmund
  1332 | D:2      | Noticed Terence
  1434 | D:2      | Reached skill level 1 in Short Blades
  1434 | D:2      | Reached skill level 1 in Axes
  1434 | D:2      | Reached skill level 1 in Maces & Flails
  1434 | D:2      | Reached skill level 1 in Polearms
  1434 | D:2      | Reached skill level 1 in Staves
  1434 | D:2      | Reached skill level 1 in Slings
  1434 | D:2      | Reached skill level 1 in Bows
  1434 | D:2      | Reached skill level 1 in Crossbows
  1434 | D:2      | Reached skill level 1 in Throwing
  1434 | D:2      | Reached skill level 1 in Armour
  1434 | D:2      | Reached skill level 1 in Shields
  1434 | D:2      | Reached skill level 1 in Unarmed Combat
  1434 | D:2      | Reached skill level 1 in Spellcasting
  1434 | D:2      | Reached skill level 1 in Evocations
  1611 | D:2      | Reached XP level 4. HP: 40/41 MP: 5/5
  1979 | D:3      | Reached skill level 1 in Conjurations
  1979 | D:3      | Reached skill level 1 in Hexes
  1979 | D:3      | Reached skill level 1 in Summonings
  1979 | D:3      | Reached skill level 1 in Necromancy
  1979 | D:3      | Reached skill level 1 in Translocations
  1979 | D:3      | Reached skill level 1 in Transmutations
  1979 | D:3      | Reached skill level 1 in Fire Magic
  1979 | D:3      | Reached skill level 1 in Ice Magic
  1979 | D:3      | Reached skill level 1 in Air Magic
  1979 | D:3      | Reached skill level 1 in Earth Magic
  1979 | D:3      | Reached skill level 1 in Poison Magic
  2013 | D:3      | Found Xituapna's Weapon Shoppe.
  2125 | D:3      | Reached XP level 5. HP: 15/47 MP: 5/7
  2615 | D:3      | Found a radiant altar of Vehumet.
  2843 | D:4      | Killed Eustachio
  2844 | D:4      | Reached XP level 6. HP: 21/53 MP: 8/8
  3075 | D:4      | Reached skill level 5 in Long Blades
  3075 | D:4      | Reached skill level 5 in Dodging
  3253 | D:4      | Noticed Menkaure
  3257 | D:4      | Killed Menkaure
  3623 | D:3      | Learned a level 1 spell: Sandblast
  4126 | D:3      | Bought a +1 glaive of venom for 148 gold pieces
  4256 | D:2      | Noticed Jessica
  4259 | D:2      | Killed Jessica
  4260 | D:2      | Reached XP level 7. HP: 59/59 MP: 10/10
  4305 | D:2      | Killed Terence
  4478 | D:2      | Killed Sigmund
  4883 | D:5      | Found a blossoming altar of Fedhas.
  4889 | D:5      | HP: 1/60 [ogre (22)]
  4895 | D:5      | Reached skill level 10 in Stealth
  5202 | D:5      | Reached XP level 8. HP: 52/67 MP: 12/12
  7218 | D:6      | Reached XP level 9. HP: 70/72 MP: 14/14
  7562 | D:6      | Found a staircase to the Ecumenical Temple.
  7571 | Temple   | Entered the Ecumenical Temple
  7617 | Temple   | Became a worshipper of Cheibriados the Contemplative
  8363 | D:7      | Noticed a hornet
  8367 | D:7      | Paralysed by a hornet for 2 turns
  8368 | D:7      | Killed a hornet
  9046 | D:7      | Reached * piety under Cheibriados
  9140 | D:8      | Found a hide-covered altar of Uskayaw.
  9332 | D:8      | Reached skill level 5 in Invocations
  9782 | D:8      | Noticed a gargoyle
 10023 | D:8      | Noticed a boulder beetle
 10027 | D:8      | Noticed a deep elf pyromancer
 10036 | D:8      | Slain by a fire elemental

Illustrated notes

Levels and vault maps discovered:
D:1:      dpeg_arrival_erosion, layout_loops_ring,
          ebering_ecumenical_altar_mist, minmay_pentomino_s4
D:2:      layout_loops_ring, uniq_sigmund, uniq_jessica, uniq_terence
D:3:      layout_rooms, marbit_many_paths, serial_shops, shop, minmay_mini_jars
D:4:      layout_loops_ring, serial_glass, glass_columns_b, glass_columns_a,
          glass_columns_a, glass_columns_c, glass_columns_a, uniq_eustachio,
          uniq_menkaure
D:5:      layout_basic, overflow_temple_1_default
D:6:      layout_loops_cross, minmay_temple_entry_fiery
D:7:      layout_loops_corners, gup_ossuary_entry_pyramid
D:8:      minmay_tri_box, layout_loops_cross,
          nicolae_uskayaw_murder_on_the_dancefloor,
          grunt_temple_overflow_opulence, doesnt_xom_only_xom, roderic_batcave
Temple:   nicolae_temple_elliptical

Skill      XL: |  1  2  3  4  5  6  7  8  9 |
---------------+----------------------------+-----
Stealth        | 10 | 10.6
Invocations    | 1 2 3 4 5 |  5.2
Short Blades   | 1 2 3 4 |  4.7
Axes           | 1 2 3 4 |  4.7
Maces & Flails | 1 2 3 4 |  4.7
Polearms       | 1 2 3 4 |  4.7
Staves         | 1 2 3 4 |  4.7
Slings         | 1 2 3 4 |  4.7
Bows           | 1 2 3 4 |  4.7
Crossbows      | 1 2 3 4 |  4.7
Throwing       | 1 2 3 4 |  4.7
Armour         | 1 2 3 4 |  4.7
Shields        | 1 2 3 4 |  4.7
Unarmed Combat | 1 2 3 4 |  4.7
Spellcasting   | 1 2 3 4 |  4.7
Evocations     | 1 2 3 4 |  4.7
Conjurations   | 1 2 3 |  3.9
Hexes          | 1 2 3 |  3.9
Summonings     | 1 2 3 |  3.9
Necromancy     | 1 2 3 |  3.9
Translocations | 1 2 3 |  3.9
Transmutations | 1 2 3 |  3.9
Fire Magic     | 1 2 3 |  3.9
Ice Magic      | 1 2 3 |  3.9
Air Magic      | 1 2 3 |  3.9
Earth Magic    | 1 2 3 |  3.9
Poison Magic   | 1 2 3 |  3.9
Long Blades    | 5 6 |  6.6
Dodging        | 5 6 |  6.6
Fighting       | 7 8 |  8.1

Action                   |  1- 3 |  4- 6 |  7- 9 || total
-------------------------+-------+-------+-------++-------
Melee: Falchion          |    97 |    99 |       ||   196
       Bite              |    15 |    17 |    21 ||    53
       Dagger            |       |    80 |       ||    80
       Glaive            |       |     3 |   271 ||   274
       Punch             |       |     1 |       ||     1
  Use: Potion            |     1 |       |     2 ||     3
       Scroll            |       |       |     2 ||     2
 Stab: Sleeping          |    12 |    13 |    17 ||    42
       Distracted        |     1 |       |     1 ||     2
Armor: Leather armour    |     5 |       |       ||     5
       Scale mail        |    20 |    75 |   103 ||   198
Dodge: Dodged            |    50 |    98 |   189 ||   337
       Rpst.: Falchion   |    15 |    13 |       ||    28

Table legend: (Time is in decaauts)
 A = Elapsed time spent in this place.
 B = Non-inter-level travel time spent in this place.
 C = Inter-level travel time spent in this place.
 D = Time resting spent in this place.
 E = Time spent auto-exploring this place.
 F = Levels seen in this place.
 G = Mean time per level.
                   A        B        C        D        E       F      G
               +--------+--------+--------+--------+--------+-----+--------+
         Total |  10523 |  10238 |    285 |   1899 |   6723 |   9 | 1169.2 |
       Dungeon |  10456 |  10190 |    266 |   1899 |   6693 |   8 | 1307.0 |
        Temple |     66 |     47 |     19 |      0 |     30 |   1 |   66.0 |
               +--------+--------+--------+--------+--------+-----+--------+

Top non-repeatable levels by time:
     D:7: 1796 daAuts
     D:4: 1553 daAuts
     D:5: 1404 daAuts
     D:2: 1395 daAuts
     D:3: 1206 daAuts
     D:6: 1132 daAuts
     D:1: 1015 daAuts
     D:8: 951 daAuts
  Temple: 66 daAuts
